 Dungeon Crawl Stone Soup version 0.27.0-1-g7a089689b8 (webtiles) character file.

Game seed: 3413756067465246792

4 avis the Insei (level 1, -1/16 HPs)
             Began as a Barachi Transmuter on Aug 8, 2021.
             Slain by a kobold (3 damage)
             ... on level 1 of the Dungeon.
             The game lasted 00:01:42 (140 turns).

avis the Insei (Barachi Transmuter)                  Turns: 140, Time: 00:01:42

Health: -1/16      AC:  2    Str: 11    XL:     1   Next: 60%
Magic:  2/3        EV: 12    Int: 13    God:
Gold:   0          SH:  0    Dex: 12    Spells: 3/4 levels left

rFire    . . .     SeeInvis .   b - staff of cold
rCold    + . .     Faith    .   (no shield)
rNeg     . . .     Spirit   .   a - +0 robe
rPois    .         Reflect  .   (helmet currently unavailable)
rElec    .         Harm     .   (no cloak)
rCorr    .         Rampage  .   (no gloves)
Will     .....                  (boots currently unavailable)
Stlth    +.........             (no amulet)
HPRegen  0.05/turn              (no ring)
MPRegen  0.08/turn              (no ring)

@: appendages, unable to hop, slow
A: horns 2, talons 2, amphibious, slowness 1, strong legs 1, +LOS
a: Hop, End Transformation


You were on level 1 of the Dungeon.
You had temporarily grown beastly horns and talons.
You visited 1 branch of the dungeon, and saw 1 of its levels.

Inventory:

Armour
 a - a +0 robe (worn)
Magical Staves
 b - a staff of cold (weapon)
Scrolls
 c - a scroll of fog {unknown}


   Skills:
 - Level 2.0 Fighting
 - Level 2.1 Dodging
 * Level 3.3 Unarmed Combat
 - Level 2.1 Spellcasting
 - Level 2.1 Transmutations


You had 3 spell levels left.
You knew the following spells:

 Your Spells              Type           Power      Damage    Failure   Level
a - Beastly Appendage     Tmut           14%        N/A       11%         1

Your spell library contained the following spells:

 Spells                   Type           Power      Damage    Failure   Level
 Wereblood                Tmut           7%         N/A       16%         2
 Spider Form              Tmut/Pois      2%         N/A       43%         3
 Ice Form                 Ice/Tmut       6%         N/A       85%         4


Dungeon Overview and Level Annotations

Branches:
Dungeon (1/15)

Altars:


Innate Abilities, Weirdness & Mutations

You have temporarily grown beastly horns and talons.
You are amphibious.
You cover ground slowly.
You can hop short distances.
You have an extended range of vision and can be seen from far away.


Message History

You hit the jackal but do no damage. Your kick misses the jackal.
The jackal closely misses you. The jackal barely misses you.
You hit the jackal. Your kick misses the jackal.
Your headbutt misses the jackal.
The jackal is heavily wounded.
The jackal bites you. x2
You hit the jackal but do no damage.
The jackal is heavily wounded.
The jackal bites you but does no damage.
Unknown command.
You hit the jackal but do no damage. Your kick misses the jackal.
The jackal is heavily wounded.
The jackal bites you. x2
You hit the jackal.
You kill the jackal!
The kobold barely misses you.
Training target 2.0 for Fighting reached!
Your Fighting skill increases to level 2!
You need to enable at least one skill for training.
Adjust (i)tems, (s)pells, or (a)bilities?
Huh?
Unknown command.
You hit the kobold but do no damage. Your kick misses the kobold.
Your horns disappear.
Your talons disappear.
The kobold closely misses you.
You hit the kobold.
The kobold is severely wounded.
The kobold hits you with a +0 short sword.
You closely miss the kobold.
The kobold is severely wounded.
The kobold hits you with a +0 short sword.
* * * LOW HITPOINT WARNING * * *
Hop to where?
Press: ? - help, Dir - move target Boing!
Casting: Beastly Appendage (safe; 11% risk of failure)
Confirm with . or Enter, or press ? or * to list all spells.
You grow a pair of large bovine horns.
Your feet morph into talons.
The kobold hits you with a +0 short sword.
You die...

... ..... #..
#...# ... ....#
#.# #...# #.#
#...###.##
#.###.###.........
#.....h.hh....#.##
##.##K###.###.# #.
#@# #.# # #.##.#
#... ###########
#..#.# ##.....
#.♣....♣..## #.#.#
#.##.#
...........###...#
#.##.#
♣..♣......<.###..#
#.##.#
.............≈#..#
#.##.#
..............##.#
#.##.#
..............♣#.#
#.##.#


You could see a jackal and a kobold.

Vanquished Creatures
  2 endoplasms (D:1)
  A jackal (D:1)
3 creatures vanquished.

Notes
Turn   | Place    | Note
-------+----------+-------------------------------------------
     0 | D:1      | avis the Barachi Transmuter began the quest for the Orb.
     0 | D:1      | Reached XP level 1. HP: 15/15 MP: 3/3
   140 | D:1      | Slain by a kobold

Illustrated notes

Levels and vault maps discovered:
D:1:      nzn_arrival_settlement, layout_basic

Skill      XL: |  1 |
---------------+----+-----
Fighting       | 2 |  2.0
Dodging        | |  2.1
Unarmed Combat | |  3.3
Spellcasting   | |  2.1
Transmutations | |  2.1

Action                   || total
-------------------------++-------
Melee: Staff             ||    11
       Kick              ||     1
       Headbutt          ||     1
 Cast: Beastly Appendage ||     3
 Abil: Hop               ||     1
Armor: Robe              ||     1
Dodge: Dodged            ||     5
